 Dungeon Sprint DCSS version 0.28-a0-1227-ga9037bb4c8 (webtiles) character file.

Game seed: 4617646874754432076

291133 mhtbhm the Shatterer (level 13, 143/143 HPs)
             Began as a Minotaur Berserker on Dec 22, 2021.
             Was the Champion of Trog.
             Escaped with the Orb!
             The game lasted 00:15:46 (7687 turns).

mhtbhm the Shatterer (Minotaur Berserker)           Turns: 7687, Time: 00:15:47

Health: 143/143    AC: 13    Str: 28    XL:     13   Next: 56%
Magic:  12/12      EV: 15    Int:  4    God:    Trog [******]
Gold:   333        SH:  0    Dex:  9    Spells: 12/12 levels left

rFire   + . .      SeeInvis .   a - +6 great mace (flame)
rCold   . . .      Faith    .   (shield currently unavailable)
rNeg    + . .      Spirit   .   b - +4 faerie dragon scales {Rampage rF+ rN+ rCorr}
rPois   +          Reflect  .   (helmet restricted)
rElec   .          Harm     .   r - +0 cloak {rPois}
rCorr   +          Rampage  +   (no gloves)
Will    .....      NoTele   +   (no boots)
Stlth   ++........              j - amulet of invisibility {+Inv}
HPRegen 0.33/turn               o - +4 ring of slaying
MPRegen 0.13/turn               (no ring)

@: no status effects
A: horns 2, retaliatory headbutt
0: Orb of Zot
a: Renounce Religion, Evoke Invisibility, Berserk, Trog's Hand, Brothers in Arms


You escaped.
You worshipped Trog.
Trog was exalted by your worship.
You visited 1 branch You collected 430 gold pieces.
You spent 97 gold pieces at shops.

Inventory:

Hand Weapons
 a - a +6 great mace of flaming (weapon)
Armour
 b - the +4 faerie dragon scales (worn) {Rampage rF+ rN+ rCorr}
   (You took it off the Enchantress in the Dungeon)

   rF:        It protects you from fire.
   rN:        It protects you from negative energy.
   rCorr:     It protects you from acid and corrosion.
   Rampage:   It bestows one free step when moving towards enemies.
 r - a +0 cloak of poison resistance (worn)
Jewellery
 i - the amulet "Nosot" {Spirit +Blink Str+6}
   (You found it in the Dungeon)

   [amulet of guardian spirit]

   It causes incoming damage to be divided between your reserves of health and
   magic.
   Str:       It affects your strength (+6).
   +Blink:    It lets you blink.
 j - the amulet of invisibility (around neck) {+Inv}
   (You found it in the Dungeon)

   [amulet of nothing]

   +Inv:      It lets you turn invisible.
 o - a +4 ring of slaying (left hand)
Scrolls
 h - a scroll of blinking
 k - a scroll of amnesia {unknown}
 p - a scroll of fear {unknown}
Potions
 c - 3 potions of curing
 d - a potion of heal wounds
 e - a potion of haste
 f - 2 potions of magic
 g - a potion of berserk rage
 n - a potion of cancellation {unknown}
 q - a potion of mutation {unknown}


   Skills:
 + Level 21.0 Fighting
 * Level 24.5 Maces & Flails
 + Level 8.0 Armour
 + Level 12.8 Dodging
 + Level 16.9 Stealth
 - Level 11.6 Evocations


You had 12 spell levels left.
You didn't know any spells.
Your spell library was empty.

Dungeon Overview and Level Annotations

Branches:
Dungeon (1/1)

Altars:
Cheibriados
Dithmenos
Elyvilon
Gozag
Hepliaklqana
Kikubaaqudgha
Makhleb
Nemelex Xobeh
Okawaru
Qazlal
Ru
Sif Muna
Trog
Uskayaw
Vehumet
Wu Jian
Xom
Yredelemnul
Zin
The Shining One
Beogh
Jiyva
Lugonu

Shops:
D [!*[(!(?[[=[!*!!=[(*[


Innate Abilities, Weirdness & Mutations

You have a pair of horns on your head.
You reflexively headbutt those who attack you in melee.


Message History

There is an open door here.
There is an open door here.
You see here a +6 antimagic rapier.
A chaos spawn comes into view.
There is an open door here.
You see here a +0 scale mail.
There is an open door here.
There is an open door here.
There is an open door here.
There is an open door here.
You see here a +0 mace.
There is an open door here.
There is an open door here.
You completely miss the fungus.
The fungus begins to die.
You headbutt the fungus!
The fungus is lightly damaged.
You hit the fungus. You burn the fungus. You headbutt the fungus!
The fungus is lightly damaged.
You bludgeon the fungus!! You burn the fungus.
The fungus is moderately damaged.
You flatten the fungus like a pancake!!!
You burn the fungus!
The fungus is severely damaged.
You bludgeon the fungus!! You burn the fungus.
The fungus is severely damaged.
You crush the fungus like a grape!!! You burn the fungus!
You destroy the fungus!
You crush the fungus like a grape!!!
The fungus begins to die.
You burn the fungus! You headbutt the fungus!
The fungus is heavily damaged.
You bludgeon the fungus!! You burn the fungus!
The fungus is severely damaged.
You thump the fungus! You burn the fungus.
The fungus is severely damaged.
You bludgeon the fungus!! You burn the fungus.
The fungus is almost destroyed.
You bludgeon the fungus!! You burn the fungus!
You destroy the fungus!
There is a staircase leading out of the dungeon here.
You have escaped!

##################
#@..P#.....#.....#
#....'.....'.#.).'
#PPPP#.....#.#...#
###############'##
#...♣........'...#
#......♣.....#...#
#.....♣..♣..######
##'####'######.['.
#[[#....'.......#♣


There were no monsters in sight!

Vanquished Creatures
  the Enchantress (D)
  4 Orb Guardians (D)
  2 ghost moths (D)
  6 spriggan defenders (D)
  5 spriggan berserkers (D)
  A sun demon (D)
  4 spriggan druids (D)
  25 oklob plants (D)
  3 moths of wrath (D)
  4 demonic crawlers (D)
  3 burning bushes (D)
  2 queen bees (D)
  10 hornets (D)
  3 wandering mushrooms (D)
  4 scorpions (D)
  4 killer bees (D)
  5 oklob saplings (D)
  11 spriggans (D)
  A river rat (D)
  A rat (D)
  A ballistomycete spore (D)
  2 fungi (D)
102 creatures vanquished.

Vanquished Creatures (collateral kills)
  Agnes (D)
1 creature vanquished.

Vanquished Creatures (others)
  A ballistomycete spore (D)
  A bush (D)
  2 fungi (D)
4 creatures vanquished.

Grand Total: 107 creatures vanquished

Notes
Turn   | Place    | Note
-------+----------+-------------------------------------------
     0 | D        | mhtbhm the Minotaur Berserker began the quest for the Orb.
     0 | D        | Reached XP level 1. HP: 19/19 MP: 0/0
     8 | D        | Reached skill level 4 in Maces & Flails
     8 | D        | Reached XP level 2. HP: 28/28 MP: 1/1
   252 | D        | Noticed an oklob sapling
   253 | D        | Killed an oklob sapling
   253 | D        | Reached ** piety under Trog
   254 | D        | Reached skill level 5 in Fighting
   254 | D        | Reached skill level 5 in Maces & Flails
   254 | D        | Reached XP level 3. HP: 37/37 MP: 2/2
   488 | D        | Noticed a scorpion
   488 | D        | Found the amulet of invisibility {+Inv}
   492 | D        | Killed a scorpion
   493 | D        | Reached skill level 7 in Maces & Flails
   493 | D        | Reached XP level 4. HP: 47/47 MP: 3/3
   575 | D        | Found an opulent altar of Gozag.
   575 | D        | Found a hazy altar of Hepliaklqana.
   575 | D        | Found a burning altar of Makhleb.
   575 | D        | Found a sparkling altar of Nemelex Xobeh.
   575 | D        | Found a snail-covered altar of Cheibriados.
   575 | D        | Found a sacrificial altar of Ru.
   575 | D        | Found a shimmering blue altar of Sif Muna.
   575 | D        | Found a shimmering altar of Xom.
   575 | D        | Found a basalt altar of Yredelemnul.
   576 | D        | Found a viscous altar of Jiyva.
   576 | D        | Found a bloodstained altar of Trog.
   576 | D        | Found an ornate altar of the Wu Jian Council.
   577 | D        | Found an iron altar of Okawaru.
   577 | D        | Found a shadowy altar of Dithmenos.
   577 | D        | Found a glowing silver altar of Zin.
   578 | D        | Found an ancient bone altar of Kikubaaqudgha.
   578 | D        | Found a hide-covered altar of Uskayaw.
   579 | D        | Found a stormy altar of Qazlal.
   579 | D        | Found a white marble altar of Elyvilon.
   579 | D        | Found a glowing golden altar of the Shining One.
   580 | D        | Found a corrupted altar of Lugonu.
   580 | D        | Found a radiant altar of Vehumet.
   587 | D        | Reached skill level 8 in Maces & Flails
   587 | D        | Reached XP level 5. HP: 55/55 MP: 1/4
   645 | D        | Reached skill level 9 in Maces & Flails
   989 | D        | Reached skill level 5 in Armour
   990 | D        | Reached *** piety under Trog
   991 | D        | Reached skill level 1 in Evocations
   993 | D        | Reached skill level 10 in Maces & Flails
   993 | D        | Reached skill level 5 in Dodging
   993 | D        | Reached XP level 6. HP: 20/66 MP: 5/5
  1209 | D        | Found Citov's Distillery.
  1209 | D        | Found Toclueck's Assorted Antiques.
  1268 | D        | Reached skill level 10 in Fighting
  1420 | D        | Noticed a queen bee
  1429 | D        | Reached skill level 1 in Stealth
  1431 | D        | Reached **** piety under Trog
  1432 | D        | Reached skill level 11 in Maces & Flails
  1436 | D        | Killed a queen bee
  1437 | D        | Reached skill level 12 in Maces & Flails
  1437 | D        | Reached XP level 7. HP: 75/75 MP: 4/6
  1540 | D        | Noticed an oklob plant
  1548 | D        | Killed an oklob plant
  1549 | D        | Reached skill level 13 in Maces & Flails
  1549 | D        | Reached XP level 8. HP: 85/85 MP: 7/7
  1598 | D        | Noticed a burning bush
  1609 | D        | Killed a burning bush
  1751 | D        | Noticed a burning bush
  1751 | D        | Noticed an oklob plant
  1752 | D        | Noticed a wandering mushroom
  1757 | D        | Killed a burning bush
  1758 | D        | Reached skill level 14 in Maces & Flails
  1758 | D        | Reached skill level 5 in Stealth
  1811 | D        | Killed a wandering mushroom
  1811 | D        | Reached ***** piety under Trog
  1819 | D        | Killed an oklob plant
  1820 | D        | Reached XP level 9. HP: 93/93 MP: 6/8
  1823 | D        | Identified the +2 robe of Poor Excuses {Rampage rElec rF+}
  1888 | D        | Noticed a spriggan druid
  1900 | D        | Killed a spriggan druid
  1900 | D        | Received a gift from Trog
  1901 | D        | Reached skill level 15 in Maces & Flails
  1901 | D        | Reached skill level 5 in Evocations
  2110 | D        | Noticed a burning bush
  2110 | D        | Noticed a wandering mushroom
  2110 | D        | Noticed a wandering mushroom
  2114 | D        | Killed a wandering mushroom
  2130 | D        | Killed a burning bush
  2137 | D        | Found Zegouwk's Weapon Emporium.
  2137 | D        | Found Esmoich's Armour Shoppe.
  2227 | D        | Noticed an oklob plant conjurer
  2231 | D        | Killed an oklob plant conjurer
  2232 | D        | Reached skill level 16 in Maces & Flails
  2391 | D        | Noticed an oklob plant
  2391 | D        | Noticed an oklob plant summoner
  2392 | D        | Noticed an oklob plant shifter
  2399 | D        | Killed an oklob plant
  2400 | D        | Reached XP level 10. HP: 78/104 MP: 7/9
  2405 | D        | Killed an oklob plant summoner
  2407 | D        | Killed an oklob plant shifter
  2407 | D        | Received a gift from Trog
  2621 | D        | Noticed a spriggan rider
  2622 | D        | Found Meoppasma's General Store.
  2627 | D        | Killed a spriggan rider
  2628 | D        | Reached skill level 10 in Stealth
  2630 | D        | Received a gift from Trog
  2631 | D        | Reached skill level 15 in Fighting
  2633 | D        | Found Jesiogoj's Armour Shoppe.
  2653 | D        | Bought a scroll of blinking for 97 gold pieces
  2807 | D        | Noticed Agnes
  2819 | D        | Killed Agnes
  2820 | D        | Reached skill level 17 in Maces & Flails
  3244 | D        | Found Laurch's Distillery.
  3244 | D        | Noticed a spriggan berserker
  3246 | D        | Found Liublofytt's Jewellery Shoppe.
  3247 | D        | Noticed a spriggan defender
  3255 | D        | Killed a spriggan defender
  3354 | D        | Killed a spriggan berserker
  3355 | D        | Reached XP level 11. HP: 108/114 MP: 10/10
  3381 | D        | Noticed a spriggan rider
  3702 | D        | Upgraded the game from 0.28-a0-1213-g0243856f03 to
                  | 0.28-a0-1227-ga9037bb4c8
  3830 | D        | Found Taucru's Distillery.
  3830 | D        | Found Byoz Cihav's General Store.
  3830 | D        | Found Tahero Sanee's Antique Armour Shoppe.
  3834 | D        | Reached skill level 10 in Dodging
  3842 | D        | Killed a ghost moth
  3935 | D        | Noticed an oklob plant shifter
  3935 | D        | Noticed an oklob plant meteorologist
  3942 | D        | Killed an oklob plant meteorologist
  3947 | D        | Killed an oklob plant shifter
  3947 | D        | Received a gift from Trog
  3987 | D        | Noticed a spriggan rider
  3992 | D        | Reached skill level 18 in Maces & Flails
  3992 | D        | Reached skill level 10 in Evocations
  4238 | D        | Found Wuufel's Antique Weapon Shoppe.
  4238 | D        | Found Pixt's Distillery.
  4238 | D        | Found Hitzitog's Armour Shop.
  4238 | D        | Found Awnitini's Magic Scroll Emporium.
  4238 | D        | Found Eced's Antique Weapon Shoppe.
  4239 | D        | Found Gogotyri's Antique Armour Emporium.
  4239 | D        | Found Tiefyt's Jewellery Shop.
  4239 | D        | Found Nogysief's Armour Boutique.
  4268 | D        | Noticed an oklob plant summoner
  4269 | D        | Found Kaphovi's Armour Emporium.
  4269 | D        | Found Yquacixih's Distillery.
  4272 | D        | Killed an oklob plant summoner
  4279 | D        | Noticed an oklob plant demonologist
  4279 | D        | Noticed an oklob plant annihilator
  4280 | D        | Noticed a spriggan berserker
  4295 | D        | Killed a spriggan berserker
  4295 | D        | Received a gift from Trog
  4297 | D        | Killed an oklob plant annihilator
  4299 | D        | Killed an oklob plant demonologist
  4299 | D        | Reached ****** piety under Trog
  4424 | D        | Identified the amulet "Nosot" {Spirit +Blink Str+6}
  4652 | D        | Noticed an oklob plant
  4652 | D        | Noticed an oklob plant
  4652 | D        | Noticed an oklob plant
  4652 | D        | Noticed an oklob plant
  4652 | D        | Noticed an oklob plant
  4652 | D        | Noticed an oklob plant
  4653 | D        | Noticed an oklob plant
  4658 | D        | Killed an oklob plant
  4659 | D        | Noticed an oklob plant
  4666 | D        | Killed an oklob plant
  4845 | D        | Noticed an oklob plant
  4849 | D        | Killed an oklob plant
  4849 | D        | Received a gift from Trog
  4850 | D        | Noticed an oklob plant
  4852 | D        | Killed an oklob plant
  4853 | D        | Noticed an oklob plant
  4856 | D        | Killed an oklob plant
  4857 | D        | Noticed an oklob plant
  4859 | D        | Killed an oklob plant
  4864 | D        | Killed an oklob plant
  4865 | D        | Reached XP level 12. HP: 127/127 MP: 11/11
  5159 | D        | Received a gift from Trog
  5303 | D        | Noticed a spriggan defender
  5303 | D        | Noticed a spriggan defender
  5311 | D        | Killed a spriggan defender
  5573 | D        | Reached skill level 19 in Maces & Flails
  5573 | D        | Reached skill level 15 in Stealth
  5636 | D        | Received a gift from Trog
  5645 | D        | Killed a spriggan defender
  5654 | D        | Reached skill level 20 in Maces & Flails
  5885 | D        | Received a gift from Trog
  5949 | D        | Noticed a spriggan defender
  5965 | D        | Killed a spriggan defender
  6176 | D        | Killed a ghost moth
  6177 | D        | Reached skill level 21 in Maces & Flails
  6505 | D        | Noticed the Enchantress
  6519 | D        | Killed the Enchantress
  6521 | D        | Reached XP level 13. HP: 138/138 MP: 12/12
  6583 | D        | Received a gift from Trog
  6584 | D        | Reached skill level 22 in Maces & Flails
  6976 | D        | Received a gift from Trog
  7316 | D        | Noticed a spriggan defender
  7318 | D        | Noticed a spriggan defender
  7321 | D        | Killed a spriggan defender
  7326 | D        | Killed a spriggan defender
  7327 | D        | Reached skill level 23 in Maces & Flails
  7371 | D        | Got the Orb of Zot
  7390 | D        | Noticed an Orb Guardian
  7411 | D        | Killed an Orb Guardian
  7416 | D        | Noticed an Orb Guardian
  7424 | D        | Killed an Orb Guardian
  7438 | D        | Noticed an Orb Guardian
  7446 | D        | Killed an Orb Guardian
  7446 | D        | Identified the +4 demon whip "Onkily" {antimagic, Str+3}
                  | (Trog gifted it to you in the Dungeon)
  7446 | D        | Received a gift from Trog
  7447 | D        | Reached skill level 24 in Maces & Flails
  7546 | D        | Noticed an Orb Guardian
  7564 | D        | Killed an Orb Guardian
  7687 | D        | Escaped with the Orb!

Illustrated notes

Levels and vault maps discovered:
D:        dungeon_sprint_fedhas [sprint_temple]

Skill      XL: |  1  2  3  4  5  6  7  8  9 10 11 12 13 |
---------------+----------------------------------------+-----
Fighting       | 4 5 7 8 9 11 12 13 14 15 17 19 21 | 21.0
Maces & Flails | 4 5 7 8 10 12 13 14 16 17 18 21 24 | 24.5
Armour         | 3 4 5 6 7 8 |  8.0
Dodging        | 3 4 5 6 7 8 9 11 12 | 12.8
Evocations     | 1 2 3 4 6 9 11 | 11.6
Stealth        | 3 4 6 8 11 14 16 | 16.9

Action                   |  1- 3 |  4- 6 |  7- 9 | 10-12 | 13-15 || total
-------------------------+-------+-------+-------+-------+-------++-------
Melee: Mace              |     6 |    27 |    64 |    25 |       ||   122
       Headbutt          |     2 |     2 |    25 |    35 |    15 ||    79
       Flail             |       |       |       |    96 |       ||    96
       Great mace        |       |       |       |    62 |    63 ||   125
Invok: Berserk           |     3 |     5 |     7 |    16 |     3 ||    34
       Brothers in Arms  |       |       |       |     2 |       ||     2
       Trog's Hand       |       |       |       |     1 |     2 ||     3
 Abil: Evoke Invisibilit |       |     2 |     4 |     8 |     3 ||    17
  Use: Scroll            |       |       |       |     4 |       ||     4
 Stab: Invisible         |       |     3 |     6 |    12 |     1 ||    22
       Sleeping          |       |       |     2 |     9 |     3 ||    14
       Distracted        |       |       |       |     1 |       ||     1
Armor: Animal skin       |       |     1 |       |       |       ||     1
       Scale mail        |       |       |     2 |       |       ||     2
       Robe              |       |       |     1 |    17 |       ||    18
       Acid dragon scale |       |       |       |       |     7 ||     7
Dodge: Dodged            |     1 |    19 |     8 |    44 |    11 ||    83

Table legend: (Time is in decaauts)
 A = Elapsed time spent in this place.
 B = Non-inter-level travel time spent in this place.
 C = Inter-level travel time spent in this place.
 D = Time resting spent in this place.
 E = Time spent auto-exploring this place.
 F = Levels seen in this place.
 G = Mean time per level.
                   A        B        C        D        E       F      G
               +--------+--------+--------+--------+--------+-----+--------+
         Total |   7904 |   7834 |     70 |   5962 |     84 |   1 | 7904.0 |
       Dungeon |   7904 |   7834 |     70 |   5962 |     84 |   1 | 7904.0 |
               +--------+--------+--------+--------+--------+-----+--------+

Top non-repeatable levels by time:
       D: 7904 daAuts
